 Dungeon Crawl Stone Soup version 0.18.1-50-g88ac8fd (webtiles) character file.

19585 Peloso the Blocker (level 12, 0/106 HPs)
             Began as a Minotaur Fighter on Oct 16, 2016.
             Was a High Priest of Okawaru.
             Slain by a 20-headed hydra (4 damage)
             ... on level 11 of the Dungeon.
             The game lasted 00:45:47 (15690 turns).

Peloso the Blocker (Minotaur Fighter)              Turns: 15690, Time: 00:45:47

Health: 0/106      AC: 25    Str: 26    XL:     12   Next: 37%
Magic:  20/20      EV: 15    Int: 11    God:    Okawaru [*****.]
Gold:   122        SH: 15    Dex: 21    Spells: 0 memorised, 11 levels left

rFire  . . .     SeeInvis .     b - +2 long sword of the Final Decision {slice, +Blink rN+ Int+4}
rCold  . . .     Gourm    .     Q - +0 crystal plate armour
rNeg   + . .     Faith    +     c - +0 shield
rPois  .         Spirit   .     (helmet restricted)
rElec  .         Dismiss  .     K - +0 cloak
rCorr  .         Reflect  .     m - +1 pair of gloves
SustAt .         Harm     .     (no boots)
MR     .....                    O - amulet of Cusagg {Faith +Fly Int+2 Dex+4}
Stlth  ..........               L - ring of magical power (curse)
                                o - +2 ring of strength

@: agile, very slightly contaminated, hasted, very quick, not resistant to
hostile enchantments, extremely unstealthy
A: retaliatory headbutt, horns 2
a: Heroism, Finesse, Renounce Religion, Evoke Blink, Evoke Flight


You were on level 11 of the Dungeon.
You worshipped Okawaru.
Okawaru was extremely pleased with you.
You were hungry.

You visited 2 branches of the dungeon, and saw 13 of its levels.
You visited the Abyss 1 time.
You also visited: Bailey.

You collected 924 gold pieces.
You spent 802 gold pieces at shops.

Inventory:

Hand Weapons
 b - the +2 long sword of the Final Decision (weapon) {slice, +Blink rN+ Int+4}
   (Okawaru gifted it to you on level 11 of the Dungeon)

   It inflicts extra damage upon your enemies.
   It affects your intelligence (+4).
   It protects you from negative energy.
   It lets you blink.
 t - the +7 dagger "Goblin's Demise" {pierce, rPois rC- rN+ MR++}
   (You found it on level 6 of the Dungeon)

   It inflicts extra damage upon your enemies.
   It makes you vulnerable to cold.
   It protects you from poison.
   It protects you from negative energy.
   It affects your resistance to hostile enchantments.
 B - a +1 scimitar of slicing
 P - the +12 battleaxe of a volcano {antimagic, +Blink Int+2 Dex+4}
   (You found it on level 11 of the Dungeon)

   It disrupts the flow of magical energy around spellcasters and certain
   magical creatures (including the wielder).
   It affects your intelligence (+2).
   It affects your dexterity (+4).
   It lets you blink.
Armour
 c - a +0 shield (worn)
 m - a +1 pair of gloves (worn)
 H - a +0 plate armour
 K - a +0 cloak (worn)
 Q - a +0 crystal plate armour (worn)
Jewellery
 d - an uncursed ring of ice
 o - a +2 ring of strength (left hand)
 x - an uncursed amulet of magic regeneration
 y - an uncursed amulet of rage
 A - an uncursed ring of wizardry
 G - an uncursed ring of wizardry
 L - a cursed ring of magical power (right hand)
 O - the amulet of Cusagg (around neck) {Faith +Fly Int+2 Dex+4}
   (You bought it in a shop on level 5 of the Dungeon)

   [amulet of faith]

   It allows you to gain divine favour quickly.
   It affects your intelligence (+2).
   It affects your dexterity (+4).
   It lets you fly.
 R - an uncursed amulet of guardian spirit
Wands
 j - a wand of random effects (33/48)
 p - a wand of enslavement (11/24)
 J - a wand of iceblast (10/15)
 S - a wand of confusion (17/48)
Scrolls
 g - 2 scrolls of identify
 h - 3 scrolls of enchant armour
 i - 5 scrolls of remove curse
 n - 3 scrolls of amnesia
 q - 5 scrolls of teleportation
 s - a scroll of enchant weapon
 v - a scroll of blinking
 w - 3 scrolls of recharging
 M - a scroll of magic mapping
Potions
 e - 3 potions of resistance
 l - 2 potions of heal wounds
 u - a potion of ambrosia
 z - 3 potions of curing
 D - 4 potions of flight
 F - a potion of haste
Comestibles
 a - 2 chunks of flesh
 f - 12 bread rations
 k - 8 fruits
 r - 6 meat rations
 C - 10 slices of pizza
 E - 3 beef jerkies
 N - 2 royal jellies


   Skills:
 + Level 10.2 Fighting
 + Level 11.4 Long Blades
 + Level 11.9 Armour
 + Level 7.8 Dodging
 + Level 1.4 Stealth
 + Level 13.4 Shields
 + Level 1.2 Invocations
 + Level 1.1 Evocations


You had 11 spell levels left.
You didn't know any spells.

Dungeon Overview and Level Annotations

Branches:
Dungeon (12/15)            Temple (1/1) D:5            Lair (0/8) D:10
    Orc (0/2) D:11

Altars:
Ashenzari
Cheibriados
Dithmenos
Elyvilon
Fedhas
Gozag
Kikubaaqudgha
Makhleb
Okawaru
Pakellas
Qazlal
Ru
Sif Muna
Trog
Vehumet
Xom
Yredelemnul
The Shining One

Shops:
D:4 :   D:5 *   D:8 [   D:9 !   D:11 *

Annotations:
D:12 ciphuk's ghost, journeyman DDEE


Innate Abilities, Weirdness & Mutations

You reflexively headbutt those who attack you in melee.
You have a pair of horns on your head.


Message History

The 19-headed hydra bites you but does no damage.
The 19-headed hydra barely misses you.
The 19-headed hydra bites you but does no damage.
The 19-headed hydra barely misses you.
You are very lightly contaminated with residual magic.
You lop one of the 19-headed hydra's heads off!
The 18-headed hydra grows two more!
You slash the 20-headed hydra!
The 20-headed hydra is almost dead.
You block the 20-headed hydra's attack. x2
The 20-headed hydra bites you but does no damage.
The 20-headed hydra bites you.
* * * LOW HITPOINT WARNING * * *
The 20-headed hydra bites you but does no damage.
The 20-headed hydra misses you.
The 20-headed hydra bites you but does no damage.
You block the 20-headed hydra's attack. The 20-headed hydra bites you.
* * * LOW HITPOINT WARNING * * *
The 20-headed hydra bites you but does no damage.
The 20-headed hydra bites you.
You die...

#..................#####
#.......................
#...........########....
#.########..# #..## #.#
#..# #..# #.# #..# #..#
#.# #..# #..##
#.########..########....
#.....(@................
#..[..[D(..)........####
#..###############..#
#..# #..# #..# #..####
#..###############......
#.......................
#.......................
#.......................


You could see a 20-headed hydra.

Vanquished Creatures
  Fannar (D:10)
  A centaur warrior (D:12)
  The ghost of ciphuk the Impaler, a novice MfSk of Ashenzari (D:8)
  2 unseen horrors
  A hill giant (D:12)
  Pikel (D:5)
  2 orc knights (Bailey)
  A cyclops (D:12)
  A manticore (D:12)
  An ugly thing (D:11)
  Maurice (D:9)
  A gargoyle (D:12)
  A komodo dragon (D:10)
  3 trolls
  Sigmund (D:6)
  A wyvern (D:7)
  A wraith (D:11)
  A yak (D:7)
  A human (D:7)
  A ynoxinul (Abyss:1)
  Eustachio (D:5)
  5 golden eyes (Abyss:1)
  A steam dragon (D:10)
  A basilisk (D:12)
  6 hungry ghosts
  Menkaure (D:4)
  4 hippogriffs
  4 vampire mosquitoes
  A mottled dragon (D:10)
  2 soldier ants (D:11)
  A hell hound (Abyss:1)
  20 orc warriors
  3 black bears
  2 sky beasts
  A wasp (D:4)
  2 eyes of draining
  5 phantoms
  4 ogres
  A crocodile (D:11)
  11 centaurs
  A big kobold (D:10)
  3 giant frogs
  5 scorpions
  5 jellies
  4 wights (D:10)
  2 howler monkeys (D:9)
  3 crimson imps
  A giant frog zombie (D:8)
  3 centaur zombies
  6 hounds
  A quasit (D:8)
  10 orc priests
  A gnoll shaman (D:5)
  A centaur skeleton (D:12)
  2 giant frog skeletons
  5 iguanas
  9 orc wizards
  9 worker ants
  3 sheep (D:7)
  8 ogre zombies (D:11)
  A hound zombie (D:9)
  2 hound skeletons
  A worker ant zombie (D:9)
  4 gnolls
  12 adders
  2 shadow imps
  2 oozes
  An adder zombie (D:8)
  A dart slug (D:2)
  6 giant geckos
  59 orcs
  6 bats
  5 giant cockroaches
  9 goblins
  8 hobgoblins
  7 jackals
  7 quokkas
  A ball python (D:4)
  6 giant newts
  2 goblin skeletons (D:11)
  2 hobgoblin skeletons (D:11)
  2 hobgoblin zombies (D:11)
  14 kobolds
  6 orc skeletons (D:11)
  13 orc zombies (D:11)
  12 rats
373 creatures vanquished.

Vanquished Creatures (others)
  A large abomination (Abyss:1)
  A plant (D:10)
2 creatures vanquished.

Grand Total: 375 creatures vanquished

Notes
Turn   | Place    | Note
--------------------------------------------------------------
     0 | D:1      | Peloso the Minotaur Fighter began the quest for the Orb.
     0 | D:1      | Reached XP level 1. HP: 19/19 MP: 0/0
   185 | D:1      | Reached skill level 4 in Shields
   185 | D:1      | Reached XP level 2. HP: 20/27 MP: 1/1
   538 | D:1      | Reached XP level 3. HP: 31/33 MP: 2/2
   896 | D:2      | Reached skill level 1 in Dodging
  1629 | D:3      | Reached XP level 4. HP: 32/40 MP: 3/3
  2012 | D:3      | Reached skill level 5 in Shields
  2313 | D:3      | Found a basalt altar of Yredelemnul.
  2421 | D:4      | Found Qamukuen's Book Emporium.
  2489 | D:4      | Found an oddly glowing altar of Pakellas.
  2529 | D:4      | Reached XP level 5. HP: 45/47 MP: 4/4
  2727 | D:4      | Noticed Menkaure
  2732 | D:4      | Killed Menkaure
  2732 | D:4      | Reached XP level 6. HP: 14/53 MP: 5/5
  3119 | D:4      | Reached skill level 5 in Armour
  3119 | D:4      | Reached skill level 1 in Stealth
  3119 | D:4      | Reached skill level 6 in Shields
  3210 | D:4      | Found a bloodstained altar of Trog.
  3210 | D:4      | Found a shimmering altar of Xom.
  3262 | D:4      | Reached XP level 7. HP: 57/60 MP: 6/6
  3368 | D:5      | Entered Level 5 of the Dungeon
  3544 | D:5      | Noticed Eustachio
  3634 | D:5      | Killed Eustachio
  3634 | D:5      | Reached skill level 5 in Fighting
  3654 | D:5      | Found a blossoming altar of Fedhas.
  3784 | D:5      | Noticed Pikel
  3814 | D:5      | Killed Pikel
  3814 | D:5      | Reached skill level 5 in Long Blades
  3814 | D:5      | Reached skill level 7 in Shields
  3814 | D:5      | Reached XP level 8. HP: 59/68 MP: 7/7
  3848 | D:5      | Found a staircase to the Ecumenical Temple.
  3857 | Temple   | Entered the Ecumenical Temple
  3940 | Temple   | Became a worshipper of Warmaster Okawaru
  4042 | D:5      | Found Furqut's Fabulous Fripperies.
  4101 | D:5      | Reached skill level 5 in Dodging
  4468 | D:6      | Got a smoking dagger
  4566 | D:6      | Identified the +7 dagger "Goblin's Demise" {pierce, rPois rC- rN+ MR++} (You found it on level 6 of the Dungeon)
  4933 | D:6      | Noticed Sigmund
  4944 | D:6      | Killed Sigmund
  4944 | D:6      | Reached skill level 8 in Shields
  5353 | D:6      | Reached * piety under Okawaru
  5514 | D:7      | Reached XP level 9. HP: 66/75 MP: 8/8
  5763 | D:7      | Found an iron altar of Okawaru.
  6296 | D:7      | Killed an unseen horror
  6296 | D:7      | Reached ** piety under Okawaru
  6296 | D:7      | Reached skill level 9 in Shields
  6862 | D:7      | Found a deep blue altar of Sif Muna.
  7166 | D:8      | Reached XP level 10. HP: 65/86 MP: 9/9
  7171 | D:8      | Noticed ciphuk's ghost (novice MfSk)
  7193 | D:8      | Killed ciphuk's ghost
  7193 | D:8      | Reached *** piety under Okawaru
  7458 | D:8      | Reached skill level 10 in Shields
  8261 | D:8      | Got an ichor-stained rapier
  8262 | D:8      | Identified the +9 rapier "Zavo" {pain, Fragile Int+3} (You found it on level 8 of the Dungeon)
  8393 | D:8      | Found Meanas's Armour Boutique.
  8441 | D:9      | Noticed Maurice
  8488 | D:9      | Killed Maurice
  8555 | D:9      | Cast into level 1 of the Abyss (orc)
  8671 | Abyss:1  | Reached skill level 10 in Armour
  8716 | Abyss:1  | Noticed a bone dragon
  8724 | Abyss:1  | Noticed a wretched star
  8729 | Abyss:1  | Reached **** piety under Okawaru
  8729 | Abyss:1  | Reached skill level 11 in Shields
  8832 | Abyss:1  | Noticed a great orb of eyes
  8855 | Abyss:1  | Noticed a smoke demon
  8916 | Abyss:1  | Noticed a tentacled starspawn
  8918 | D:9      | Escaped the Abyss
  9333 | D:9      | Found Rukk's Distillery.
  9412 | D:9      | Reached XP level 11. HP: 75/95 MP: 10/10
  9557 | D:9      | Found an ancient bone altar of Kikubaaqudgha.
  9897 | D:10     | Entered Level 10 of the Dungeon
  9972 | D:10     | Noticed Fannar
  9990 | D:10     | Killed Fannar
  9990 | D:10     | Reached ***** piety under Okawaru
 10397 | D:10     | Found a staircase to the Lair.
 10775 | D:10     | Received a gift from Okawaru
 11796 | D:5      | Bought the amulet of Cusagg {Faith +Fly Int+2 Dex+4} for 802 gold pieces
 12135 | D:11     | Got a crystal battleaxe
 12159 | D:11     | Identified the +12 battleaxe of a volcano {antimagic, +Blink Int+2 Dex+4} (You found it on level 11 of the Dungeon)
 12174 | D:11     | Found a flagged portal.
 12195 | Bailey   | Entered a bailey
 12195 | Bailey   | Noticed an orc knight
 12202 | Bailey   | Noticed an orc knight
 13012 | Bailey   | Killed an orc knight
 13012 | Bailey   | Reached skill level 10 in Long Blades
 13012 | Bailey   | Reached skill level 12 in Shields
 13088 | Bailey   | Killed an orc knight
 13793 | D:11     | Reached skill level 1 in Evocations
 13836 | D:11     | Reached skill level 1 in Invocations
 13847 | D:11     | Found Rexem's General Store.
 13864 | D:11     | Found a staircase to the Orcish Mines.
 13980 | D:11     | Noticed a brown ugly thing
 13997 | D:11     | Killed a brown ugly thing
 14080 | D:11     | Received a gift from Okawaru
 14386 | D:12     | Noticed a centaur warrior
 14393 | D:12     | Killed a centaur warrior
 14393 | D:12     | Reached XP level 12. HP: 89/106 MP: 11/11
 14397 | D:12     | Received a gift from Okawaru
 14433 | D:12     | Reached skill level 13 in Shields
 14506 | D:12     | Reached skill level 10 in Fighting
 15411 | D:11     | Received a gift from Okawaru
 15426 | D:11     | Got a translucent long sword {god gift}
 15427 | D:11     | Identified the +2 long sword of the Final Decision {slice, +Blink rN+ Int+4} (Okawaru gifted it to you on level 11 of the Dungeon)
 15631 | D:12     | Noticed ciphuk's ghost (journeyman DDEE)
 15632 | D:12     | Noticed a six-headed hydra
 15690 | D:11     | HP: 4/106 [20-headed hydra (5)]
 15690 | D:11     | Slain by a 20-headed hydra

Skill      XL: |  1  2  3  4  5  6  7  8  9 10 11 12 |
---------------+-------------------------------------+-----
Shields        | 4 5 6 7 8 9 11 12 13 | 13.4
Armour         | 4 5 6 7 8 10 11 | 11.9
Dodging        | 1 2 3 4 5 7 |  7.8
Fighting       | 4 5 6 7 8 9 10 | 10.2
Long Blades    | 3 4 5 6 7 9 10 11 | 11.4
Stealth        | 1 |  1.4
Evocations     | 1 |  1.1
Invocations    | 1 |  1.2

Action                   |  1- 3 |  4- 6 |  7- 9 | 10-12 || total
-------------------------+-------+-------+-------+-------++-------
Melee: Long sword        |   117 |    94 |   387 |   435 ||  1033
       Headbutt          |    13 |    18 |    80 |   227 ||   338
       Scimitar          |       |       |       |   453 ||   453
Invok: Heroism           |       |       |     1 |    17 ||    18
 Abil: Evoke Flight      |       |       |       |     7 ||     7
  Use: Scroll            |       |    13 |     8 |    10 ||    31
       Potion            |       |       |     1 |    12 ||    13
  Eat: Fruit             |     1 |       |     5 |     4 ||    10
       Chunk             |       |     7 |    16 |    30 ||    53
       Pizza             |       |       |     1 |       ||     1
Armor: Scale mail        |    54 |    21 |   117 |       ||   192
       Chain mail        |       |       |    77 |    38 ||   115
       Plate armour      |       |       |       |   213 ||   213
       Crystal plate arm |       |       |       |   314 ||   314
Dodge: Dodged            |    34 |    41 |   149 |   388 ||   612
Block: Shield            |    81 |    39 |   258 |   805 ||  1183
